 Dungeon Crawl Stone Soup version 0.28.0-1-gb440e238dd (webtiles) character file.

Game seed: 9090910161862854470

98 pkoi the Gusty (level 4, 0/33 HPs)
             Began as a Draconian Air Elementalist on Feb 19, 2022.
             Slain by a scorpion (6 damage)
             ... in the Ecumenical Temple.
             The game lasted 00:02:54 (2234 turns).

pkoi the Gusty (Draconian Air Elementalist)         Turns: 2234, Time: 00:02:55

Health: 0/33       AC:  5    Str: 11    XL:     4   Next: 44%
Magic:  2/8        EV: 12    Int: 17    God:
Gold:   69         SH:  0    Dex: 11    Spells: 7/8 levels left

rFire   . . .      SeeInvis .   d - +0 spear (vamp)
rCold   . . .      Faith    .   (no shield)
rNeg    . . .      Spirit   .   (armour unavailable)
rPois   .          Reflect  .   (helmet restricted)
rElec   .          Harm     .   (no cloak)
rCorr   .          Rampage  .   (no gloves)
Will    .....                   (no boots)
Stlth   ++........              (no amulet)
HPRegen 0.11/turn               (no ring)
MPRegen 0.11/turn               (no ring)

@: attractive, hasted, very quick
A: AC +5, unfitting armour, cold-blooded
a: no special abilities


You were in the Ecumenical Temple.
You visited 2 branches of the dungeon, and saw 4 of its levels.

You collected 69 gold pieces.

Inventory:

Hand Weapons
 c - a +0 whip
 d - a +0 vampiric spear (weapon)
Missiles
 a - 4 curare-tipped darts
Wands
 m - a wand of flame (24)
Scrolls
 b - a scroll of teleportation {unknown}
 e - a scroll of fear {unknown}
 h - a scroll of enchant armour {unknown}
 i - a scroll of identify {unknown}
 j - a scroll of summoning {unknown}
Potions
 f - a potion of curing


   Skills:
 - Level 1.7 Dodging
 - Level 1.7 Stealth
 + Level 2.8 Spellcasting
 + Level 2.0 Conjurations
 + Level 4.3 Air Magic


You had 7 spell levels left.
You knew the following spells:

 Your Spells              Type           Power      Damage    Failure   Level
a - Shock                 Conj/Air       52%        1d6       4%          1

Your spell library contained the following spells:

 Spells                   Type           Power      Damage    Failure   Level
 Static Discharge         Conj/Air       13%        N/A       8%          2
 Swiftness                Air            17%        N/A       9%          3
 Airstrike                Air            8%         N/A       30%         4


Dungeon Overview and Level Annotations

Branches:
Dungeon (4/15)             Temple (1/1) D:4

Altars:

Annotations:
D:4 Eustachio, Menkaure


Innate Abilities, Weirdness & Mutations

Your plain brown scales are hard. (AC +5)
You cannot fit into any form of body armour.
You are cold-blooded and may be slowed by cold attacks.


Message History

The scorpion stings you but does no damage.
The hobgoblin closely misses you. The scorpion stings you.
* * * LOW HITPOINT WARNING * * *
There is an open door here.
It was a potion of curing.
You feel better.
The scorpion stings you but does no damage.
It was a potion of heal wounds.
You feel much better. The scorpion stings you.
* * * LOW HITPOINT WARNING * * *
It was a potion of attraction.
You feel attractive to monsters. The scorpion stings you.
* * * LOW HITPOINT WARNING * * *
It was a potion of haste.
You feel yourself speed up.
The scorpion stings you but does no damage.
The scorpion stings you.
* * * LOW HITPOINT WARNING * * *
You closely miss the scorpion. You closely miss the scorpion.
You tail-slap the scorpion, but do no damage.
The scorpion stings you!
* * * LOW HITPOINT WARNING * * *
You hit the scorpion but do no damage. You tail-slap the scorpion.
The scorpion is lightly wounded.
The scorpion barely misses you.
You hit the scorpion but do no damage.
The scorpion is lightly wounded.
The scorpion stings you.
* * * LOW HITPOINT WARNING * * *
You hit the scorpion.
You feel better.
The scorpion is moderately wounded.
The scorpion stings you.
* * * LOW HITPOINT WARNING * * *
Aiming: Shock (safe; 4% risk of failure)
Press: ? - help, Q - select action, (/) - cycle Shift-Dir - straight line, f - hobgoblin
Aim: a hobgoblin (68% to hit)
The zap misses the scorpion.
The zap hits the hobgoblin.
The hobgoblin is almost dead.
The scorpion stings you.
You die...

.......
......#
##.....#
##......
+#......
##.....#
.###.....#
.......@#####
.......#s...+#
.....###g....#
##+# #..<..#
#.....#
##...## #####


You could see a scorpion and a hobgoblin.

Vanquished Creatures
  A hound (D:2)
  3 adders
  A dart slug (D:1)
  2 orcs (D:4)
  3 endoplasms
  2 giant cockroaches (D:2)
  A goblin (D:2)
  4 hobgoblins
  2 jackals (D:1)
  A quokka (D:1)
  A ball python (D:1)
  A bat (D:1)
  A frilled lizard (D:1)
  11 kobolds
  3 rats
37 creatures vanquished.

Notes
Turn   | Place    | Note
-------+----------+-------------------------------------------
     0 | D:1      | pkoi the Draconian Air Elementalist began the quest for the
                  | Orb.
     0 | D:1      | Reached XP level 1. HP: 14/14 MP: 3/3
   528 | D:1      | Reached XP level 2. HP: 20/20 MP: 0/5
  1287 | D:2      | Found a faded altar of an unknown god.
  1288 | D:2      | Noticed a floating eye
  1293 | D:2      | Noticed a great orb of eyes
  1337 | D:2      | Reached skill level 4 in Air Magic
  1337 | D:2      | Reached XP level 3. HP: 8/26 MP: 1/6
  1560 | D:2      | Noticed a floating eye
  1563 | D:2      | Noticed a great orb of eyes
  1596 | D:2      | Reached XP level 4. HP: 31/33 MP: 1/7
  2108 | D:2      | You fall into a shaft and drop 2 floors!
  2121 | D:4      | Noticed Menkaure
  2156 | D:4      | Noticed Eustachio
  2184 | D:4      | Found a staircase to the Ecumenical Temple.
  2187 | D:4      | Noticed an ogre
  2188 | D:4      | Noticed a scorpion
  2220 | Temple   | Entered the Ecumenical Temple
  2234 | Temple   | Slain by a scorpion

Illustrated notes

Levels and vault maps discovered:
D:1:      wheals_arrival_shading, layout_basic, dk_noncrumbling_2
D:2:      layout_rooms, hellmonk_ecumenical_altar_watching_god, minivault_19
D:4:      layout_basic, minmay_temple_entry_glass, uniq_eustachio, uniq_pikel,
          uniq_menkaure
Temple:   nicolae_temple_figure_eight

Skill      XL: |  1  2  3  4 |
---------------+-------------+-----
Air Magic      | 4 |  4.3
Conjurations   | 2 |  2.0
Dodging        | |  1.7
Stealth        | |  1.7
Spellcasting   | |  2.8

Action                   |  1- 3 |  4- 6 || total
-------------------------+-------+-------++-------
Melee: Spear             |    25 |    13 ||    38
       Tailslap          |     2 |     2 ||     4
 Cast: Shock             |    51 |    19 ||    70
  Use: Potion            |       |     4 ||     4
Armor: Skin              |    12 |    14 ||    26
Dodge: Dodged            |    16 |    15 ||    31
